 Dungeon Crawl Stone Soup version 0.20-a0-788-g5cc1a67 (webtiles) character file.

113 Angani the Poker (level 4, 0/33 HPs)
             Began as a Merfolk Skald on Feb 28, 2017.
             Was an Initiate of Ru.
             Slain by a river rat (7 damage)
             ... in a sewer.
             The game lasted 00:04:45 (2046 turns).

Angani the Poker (Merfolk Skald)                    Turns: 2046, Time: 00:04:46

Health: 0/33       AC:  3    Str: 11    XL:     4   Next: 96%
Magic:  2/7        EV: 12    Int: 18    God:    Ru [......]
Gold:   98         SH:  0    Dex: 13    Spells: 6/7 levels left

rFire    + . .     SeeInvis .   a - +0 spear
rCold    + . .     Gourm    .   b - +0 leather armour
rNeg     . . .     Faith    .   (no shield)
rPois    +         Spirit   .   (no helmet)
rElec    +         Reflect  .   (no cloak)
rCorr    +         Harm     .   (no gloves)
MR       .....                  (no boots)
Stlth    +.........             (no amulet)
Regen    0.2/turn               (no ring)
MPRegen  0.1/turn               (no ring)

@: brilliant, resistant
A: change form in water, swift swim, stealthy swim
a: Renounce Religion


You were in a sewer.
You worshipped Ru.
Ru was noncommittal.
You were not hungry.

You visited 1 branch of the dungeon, and saw 3 of its levels.
You also visited: Sewer.

You collected 98 gold pieces.

Inventory:

Hand Weapons
 a - a +0 spear (weapon)
Armour
 b - a +0 leather armour (worn)
Scrolls
 i - a scroll of identify {unknown}
 l - a scroll of fog {unknown}
 n - a scroll of enchant armour {unknown}
 o - a scroll of random uselessness {unknown}
Potions
 f - a potion of brilliance
 j - a potion of mutation {unknown}
Books
 c - a book of Battle

   Spells                             Type                      Level
   a - Infusion                       Charms                       1
   b - Shroud of Golubria             Charms/Translocation         2
   c - Song of Slaying                Charms                       2
   d - Spectral Weapon                Hexes/Charms                 3
   e - Regeneration                   Charms/Necromancy            3
Comestibles
 d - 3 bread rations
 k - a royal jelly
 m - 2 meat rations


   Skills:
 - Level 2.1 Fighting
 + Level 7.2 Polearms
 - Level 0.6 Armour
 - Level 2.6 Dodging
 - Level 2.0 Spellcasting
 - Level 3.2 Charms


You had 6 spell levels left.
You knew the following spells:

 Your Spells              Type           Power        Failure   Level  Hunger
a - Infusion              Chrm           ###.         1%          1    #......


Dungeon Overview and Level Annotations

Branches:
Dungeon (3/15)

Altars:
Ru


Message History

Unknown command.
The river rat twitches its whiskers.
There is a gate leading back out of this place here.
You hit the river rat but do no damage. The river rat bites you.
You closely miss the river rat. You barely miss the river rat.
The river rat bites you. x2
You barely miss the river rat.
You are no longer magically infusing your attacks.
The river rat closely misses you.
You closely miss the river rat. The river rat bites you.
The river rat barely misses you.
It was a potion of resistance.
You feel protected. The river rat bites you.
* * * LOW HITPOINT WARNING * * *
The river rat closely misses you.
It was a potion of brilliance.
You feel clever all of a sudden. The river rat closely misses you.
The river rat bites you!
You die...

###
#.#
#.#
#r#
#r#
#@#
#r#
#r#
#r#
#.#
#.#
#.#
#.#
#.#


You could see 3 river rats and 2 rats.

Vanquished Creatures
  An adder (D:2)
  A shadow imp (D:1)
  3 oozes (D:1)
  3 worms
  4 dart slugs
  2 leopard geckos
  A ball python (D:2)
  7 giant cockroaches
  5 goblins
  4 hobgoblins
  9 jackals
  4 bats
  4 frilled lizards
  8 kobolds
  7 rats
  A fungus (D:2)
64 creatures vanquished.

Notes
Turn   | Place    | Note
-------+----------+-------------------------------------------
     0 | D:1      | Angani the Merfolk Skald began the quest for the Orb.
     0 | D:1      | Reached XP level 1. HP: 16/16 MP: 3/3
     1 | D:1      | Found a runed door.
    62 | D:1      | Reached skill level 4 in Polearms
    62 | D:1      | Reached XP level 2. HP: 11/22 MP: 5/5
   172 | D:1      | Reached skill level 5 in Polearms
   172 | D:1      | Reached XP level 3. HP: 10/27 MP: 6/6
   885 | D:1      | Reached skill level 6 in Polearms
   904 | D:1      | Reached XP level 4. HP: 32/33 MP: 7/7
  1689 | D:2      | Reached skill level 7 in Polearms
  1875 | D:2      | Found a sacrificial altar of Ru.
  1901 | D:2      | Became a worshipper of Ru the Awakened
  2032 | D:3      | Found a glowing drain.
  2037 | Sewer    | Entered a sewer
  2046 | Sewer    | Slain by a river rat

Vault maps used:
D:1:      dpeg_arrival_caged_fury
D:2:      nicolae_ru_the_path_less_chosen
D:3:      lemuel_castle_with_subvaults, gup_sewer_entry_bowl, minivault_27,
          trog_eyes_of_draining, uniq_natasha, uniq_jessica
Sewer:    sewer_kobolds

Skill      XL: |  1  2  3  4 |
---------------+-------------+-----
Polearms       | 4 5 6 7 |  7.2
Fighting       | |  2.1
Armour         | |  0.6
Dodging        | |  2.6
Spellcasting   | |  2.0
Charms         | |  3.2

Action                   |  1- 3 |  4- 6 || total
-------------------------+-------+-------++-------
Melee: Spear             |   156 |   125 ||   281
 Cast: Infusion          |       |     4 ||     4
  Use: Scroll            |       |     2 ||     2
       Potion            |       |     2 ||     2
 Stab: Sleeping          |       |     2 ||     2
  Eat: Chunk             |       |     4 ||     4
Armor: Leather armour    |    19 |    12 ||    31
Dodge: Dodged            |    65 |    35 ||   100
